 Dungeon Crawl Stone Soup version 0.27.1-34-g3ba077fa99 (webtiles) character file.

Game seed: 705699168192574270

3078 Cykl0x the Slasher (level 9, -8/52 HPs)
             Began as a Gargoyle Gladiator on Jan 19, 2022.
             Was a Follower of the Shining One.
             Shot with an arrow by a centaur warrior (30 damage)
             ... on level 8 of the Dungeon.
             The game lasted 00:12:14 (5580 turns).

Cykl0x the Slasher (Gargoyle Gladiator)             Turns: 5580, Time: 00:12:15

Health: -8/52      AC: 15    Str: 24    XL:     9   Next: 89%
Magic:  14/14      EV: 12    Int:  9    God:    the Shining One [*.....]
Gold:   365        SH:  5    Dex: 15    Spells: 12/14 levels left

rFire    . . .     SeeInvis .   a - +1 long sword
rCold    + . .     Faith    .   M - +2 buckler of Fedhas's Delight {Contam rElec rPois Int+4 Dex+4}
rNeg     + . .     Spirit   .   v - +2 leather armour of Honour {Harm Regen+ Int-4 Slay+6}
rPois    ∞         Reflect  .   c - +0 helmet
rElec    +         Harm     +   (no cloak)
rCorr    .         Rampage  .   H - +1 pair of gloves {Str+3}
Will     .....                  (no boots)
Stlth    +.........             (no amulet)
HPRegen  1.17/turn              s - ring of protection from cold
MPRegen  0.14/turn              (no ring)

@: glowing
A: sickness immunity, AC +6, negative energy resistance 1, electricity
resistance, torment resistance 1, petrification resistance
a: Renounce Religion


You were on level 8 of the Dungeon.
You worshipped the Shining One.
The Shining One was aware of your devotion.
You visited 2 branches of the dungeon, and saw 9 of its levels.
You also visited: Sewer and Ossuary.

You collected 411 gold pieces.
You spent 46 gold pieces at shops.

Inventory:

Hand Weapons
 a - a +1 long sword (weapon)
 p - a +0 dagger of venom
 r - a +1 dagger of flaming
 L - a +0 short sword of freezing
Missiles
 d - 2 throwing nets
 g - 266 stones (quivered)
 n - 58 poisoned darts
 q - 5 boomerangs
 D - 7 curare-tipped darts
Armour
 b - a +0 leather armour
 c - a +0 helmet (worn)
 e - a +0 ring mail
 h - a +0 pair of gloves
 v - the +2 leather armour of Honour (worn) {Harm Regen+ Int-4 Slay+6}
   (You found it on level 4 of the Dungeon)

   Int:       It affects your intelligence (-4).
   Slay:      It affects your accuracy & damage with ranged weapons and melee
   (+6).
   Regen:     It increases your rate of health regeneration.
   Harm:      It increases damage dealt and taken.
 H - a +1 pair of gloves of strength (worn)
 M - the +2 buckler of Fedhas's Delight (worn) {Contam rElec rPois Int+4 Dex+4}
   (You found it on level 7 of the Dungeon)

   Int:       It affects your intelligence (+4).
   Dex:       It affects your dexterity (+4).
   rElec:     It insulates you from electricity.
   rPois:     It protects you from poison.
   Contam:    It causes magical contamination when unequipped.
Jewellery
 k - a ring of fire
 s - a ring of protection from cold (left hand)
Wands
 J - a wand of flame (10)
Scrolls
 x - a scroll of blinking
 y - 2 scrolls of enchant weapon
 A - a scroll of teleportation
 C - a scroll of fog
 G - 2 scrolls of magic mapping
 I - a scroll of identify
 K - 4 scrolls of fear
Potions
 f - 2 potions of attraction
 i - 6 potions of flight
 j - 2 potions of might
 l - a potion of lignification
 m - 3 potions of curing
 o - 2 potions of mutation
 t - 2 potions of berserk rage
 u - 5 potions of heal wounds
 w - a potion of resistance
 z - a potion of magic
 B - 3 potions of invisibility
 E - 2 potions of ambrosia {unknown}
 F - 2 potions of brilliance {unknown}


   Skills:
 + Level 4.6 Fighting
 + Level 7.4 Long Blades
 + Level 4.2 Throwing
 * Level 5.6 Armour
 + Level 4.1 Dodging
 + Level 3.4 Spellcasting
 + Level 3.0 Transmutations
 * Level 4.0 Invocations


You had 12 spell levels left.
You knew the following spells:

 Your Spells              Type           Power      Damage    Failure   Level
a - Wereblood             Tmut           6%         N/A       24%         2

Your spell library contained the following spells:

 Spells                   Type           Power      Damage    Failure   Level
 Beastly Appendage        Tmut           12%        N/A       16%         1
 Sting                    Tmut/Pois      16%        1d3       30%         1
 Ensorcelled Hibernation  Hex/Ice        2%         N/A       63%         2
 Poisonous Vapours        Pois/Air       2%         N/A       63%         2
 Spider Form              Tmut/Pois      2%         N/A       65%         3
 Olgreb's Toxic Radiance  Pois           1%         N/A       99%         4
 Conjure Ball Lightning   Conj/Air       0%         3x3d6     100%        6
 Shadow Creatures         Summ           N/A        N/A       100%        6
 Summon Hydra             Summ           0%         N/A       100%        7
 Discord                  Hex            0%         N/A       100%        8
 Disjunction              Tloc           0%         N/A       100%        8
 Sublimation of Blood     Necr           Unusable   N/A       N/A         2

Dungeon Overview and Level Annotations

Branches:
Dungeon (8/15)             Temple (1/1) D:6           Sewer (visited)
Ossuary (visited)
   Lair: D:8-11

Altars:
Ashenzari
Elyvilon
Gozag
Hepliaklqana
Ru
Uskayaw
Wu Jian
The Shining One

Shops:
D:1 [   D:2 (   D:6 *

Annotations:
D:4 2 transporters, Karpo's ghost, amateur GrEE


Innate Abilities, Weirdness & Mutations

You are immune to sickness and miasma.
Your stone body is resilient. (AC +6)
You are immune to poison.
You resist negative energy. (rN+)
You are resistant to electric shocks. (rElec)
You are resistant to unholy torment.
You are immune to petrification.


Message History

Your blood is infused with primal strength.
The orc hits you but does no damage. The orc completely misses you.
You hit the orc.
The orc is moderately wounded.
The orc barely misses you.
You riposte.
You slash the orc!
You kill the orc!
No target in view!
No target in view!
No target in view!
No target in view!
No target in view!
No target in view!
No target in view!
You howl as the wereblood boils in your veins!
You howl as the wereblood boils in your veins!
You howl as the wereblood boils in your veins!
Magic restored.
Things that are here:
a +0 trident; an orc corpse
Found a scroll of magic mapping.
Your primal bloodlust is almost over.
Your primal bloodlust has ended.
G - 2 scrolls of magic mapping (gained 1)
Found a glowing chain mail.
Found an escape hatch in the floor.
A centaur warrior comes into view.
The centaur warrior shouts!
The centaur warrior wields a +0 longbow.
The centaur warrior shoots an arrow.
The arrow hits you.
The centaur warrior shoots an arrow.
The arrow hits you!
You see here a +0 chain mail of willpower.
The centaur warrior shoots an arrow.
The arrow hits you!
The centaur warrior shoots an arrow.
You block the arrow.
The centaur warrior shoots an arrow.
The arrow closely misses you.
The centaur warrior shoots an arrow.
The arrow closely misses you.
The centaur warrior shoots an arrow.
The arrow hits you.
The centaur warrior shoots an arrow.
The arrow hits you!!
Ouch! That really hurt!
You die...

###............. ..
##..
#.................
#..
##................ #.
####..##............
#...................
##...................
#....#........c......
##...##........#.....
#............@##.....
##............##.....
####.........#.#....
#.................
##........[..#....
##...##....## ##
###...#...## ..
##...##...### ..#
#.......#...##.##


You could see a centaur warrior.

Vanquished Creatures
  The ghost of Stajl the Spear-Bearer, a novice MiFi of Trog (D:7)
  3 water moccasins
  A sky beast (D:5)
  An ice beast (D:7)
  2 ogres
  A centaur (D:7)
  2 kobold brigands
  2 bullfrogs
  7 scorpions
  A wyvern skeleton (D:7)
  A water moccasin skeleton (D:5)
  A howler monkey (D:4)
  A bullfrog zombie (D:5)
  An orc priest (D:3)
  A centaur skeleton (D:7)
  4 jellies
  2 human zombies (Ossuary)
  2 bullfrog skeletons
  4 hounds
  An iguana (D:5)
  3 orc wizards
  5 scorpion zombies (Ossuary)
  Natasha (D:4)
  2 hound skeletons
  3 mummies (Ossuary)
  A howler monkey zombie (D:8)
  6 adders
  2 river rats (Sewer)
  A white imp (D:3)
  An adder skeleton (D:4)
  2 worms
  5 dart slugs
  7 orcs
  9 endoplasms
  5 giant cockroaches
  7 hobgoblins
  3 jackals
  16 kobolds
  A quokka (D:3)
  6 ball pythons
  7 bats
  4 frilled lizards
  4 goblin zombies (Ossuary)
  A hobgoblin zombie (Ossuary)
  4 kobold zombies (Ossuary)
  An orc zombie (Ossuary)
  A quokka skeleton (D:4)
  10 rats
157 creatures vanquished.

Notes
Turn   | Place    | Note
-------+----------+-------------------------------------------
     0 | D:1      | Cykl0x the Gargoyle Gladiator began the quest for the Orb.
     0 | D:1      | Reached XP level 1. HP: 12/12 MP: 1/1
    45 | D:1      | Reached XP level 2. HP: 15/17 MP: 2/2
    76 | D:1      | Found a faded altar of an unknown god.
   271 | D:1      | Reached skill level 1 in Armour
   372 | D:1      | Reached skill level 3 in Long Blades
   405 | D:1      | Reached XP level 3. HP: 22/22 MP: 3/3
   593 | D:1      | Found Farphiodu's Armour Shop.
   708 | D:2      | Found a hazy altar of Hepliaklqana.
   713 | D:2      | Found Yleofaha's Antique Weapon Boutique.
   823 | D:2      | Reached XP level 4. HP: 26/27 MP: 4/4
  1214 | D:2      | Learned a level 2 spell: Wereblood
  1430 | D:3      | Reached XP level 5. HP: 25/31 MP: 2/5
  2251 | D:4      | Identified the +2 leather armour of Honour {Harm Regen+
                  | Int-4 Slay+6}
  2289 | D:4      | Reached skill level 4 in Long Blades
  2289 | D:4      | Reached skill level 1 in Spellcasting
  2289 | D:4      | Reached skill level 1 in Transmutations
  2289 | D:4      | Reached XP level 6. HP: 36/36 MP: 7/7
  2418 | D:4      | Found a sand-covered staircase.
  2424 | Ossuary  | Entered an ossuary
  2491 | Ossuary  | Reached XP level 7. HP: 41/41 MP: 9/9
  2670 | Ossuary  | Reached skill level 5 in Long Blades
  2670 | Ossuary  | Reached XP level 8. HP: 41/46 MP: 11/11
  2775 | D:4      | Found a hide-covered altar of Uskayaw.
  2909 | D:4      | Found a transporter.
  2910 | D:4      | Found a white marble altar of Elyvilon.
  2918 | D:4      | Became a worshipper of Elyvilon the Healer
  2928 | D:4      | Noticed Karpo's ghost (amateur GrEE)
  3099 | D:4      | Noticed Natasha
  3105 | D:4      | Killed Natasha
  3179 | D:4      | Found a transporter.
  3194 | D:5      | Entered Level 5 of the Dungeon
  3272 | D:5      | Reached skill level 1 in Invocations
  3376 | D:5      | Reached * piety under Elyvilon
  3931 | D:6      | Found Roworyiv's Serpentskin Sales.
  3948 | D:6      | Bought 7 curare-tipped darts for 46 gold pieces
  3994 | D:6      | Reached ** piety under Elyvilon
  3997 | D:6      | Found a glowing drain.
  4008 | Sewer    | Entered a sewer
  4120 | Sewer    | Found a glowing silver altar of Zin.
  4268 | D:6      | Reached skill level 6 in Long Blades
  4308 | D:6      | Found a staircase to the Ecumenical Temple.
  4356 | D:6      | Reached XP level 9. HP: 52/52 MP: 13/13
  4396 | Temple   | Entered the Ecumenical Temple
  4409 | Temple   | Fell from the grace of Elyvilon
  4409 | Temple   | Became a worshipper of the Shining One
  4409 | Temple   | Reached * piety under the Shining One
  4515 | D:6      | Found a sacrificial altar of Ru.
  4641 | D:6      | Found an ornate altar of the Wu Jian Council.
  5155 | D:7      | Reached skill level 5 in Armour
  5203 | D:7      | Identified the +2 buckler of Fedhas's Delight {Contam rElec
                  | rPois Int+4 Dex+4}
  5264 | D:7      | Found a runed translucent door.
  5273 | D:7      | Noticed Stajl's ghost (novice MiFi)
  5305 | D:7      | Killed Stajl's ghost
  5306 | D:7      | Reached skill level 7 in Long Blades
  5575 | D:8      | Noticed a centaur warrior
  5580 | D:8      | Shot with an arrow by a centaur warrior

Illustrated notes

Levels and vault maps discovered:
D:1:      minmay_arrival_glassed_features, layout_rooms, serial_shops, shop,
          hellmonk_ecumenical_altar_lost_god
D:2:      layout_rooms, serial_shops, nicolae_shop_waterfront, basic_altar,
          st_stairs_3
D:3:      layout_loops_ring
D:4:      layout_loops_ring, nicolae_overflow_crystal_walls,
          mainiacjoe_overflow_surrounded_room, nicolae_ossuary_entry_plus,
          gammafunk_ghost_smash, uniq_natasha
D:5:      layout_basic, roderic_roman_lattice, kennysheep_boxes
D:6:      layout_gridville, mainiacjoe_overflow_paths, lemuel_doored_altar,
          minmay_temple_entry_trees, cheibrodos_sewer_entry_bend,
          guppyfry_shop_venom
D:7:      layout_basic, ebering_ghost_reflecting_pool
D:8:      layout_cave_pools, slow_altar_2
Temple:   regret_index_temple_sphere_string

Skill      XL: |  1  2  3  4  5  6  7  8  9 |
---------------+----------------------------+-----
Armour         | 1 2 3 4 5 |  5.6
Long Blades    | 3 4 5 6 7 |  7.4
Throwing       | 2 3 4 |  4.2
Spellcasting   | 1 2 3 |  3.4
Transmutations | 1 2 3 |  3.0
Dodging        | 3 4 |  4.1
Fighting       | 3 4 |  4.6
Invocations    | 2 4 |  4.0

Action                   |  1- 3 |  4- 6 |  7- 9 || total
-------------------------+-------+-------+-------++-------
Melee: Long sword        |    90 |   128 |   201 ||   419
Throw: Stone             |    15 |       |    51 ||    66
       Dart              |     6 |    40 |    10 ||    56
       Throwing net      |       |     3 |       ||     3
 Cast: Wereblood         |       |       |     6 ||     6
  Use: Scroll            |     2 |     4 |    17 ||    23
       Potion            |       |       |     1 ||     1
 Stab: Held in net/web   |       |     1 |       ||     1
Armor: Leather armour    |     5 |    15 |   105 ||   125
       Ring mail         |    54 |    41 |       ||    95
Dodge: Dodged            |    80 |    72 |   130 ||   282
Block: Buckler           |       |       |     5 ||     5
       Rpst.: Long sword |    29 |    25 |    36 ||    90
